 Dungeon Crawl Stone Soup version 0.29-a0-1065-g47a6bb87d6 (webtiles) character file.

Game seed: 14520336338188902415

2480 SensoryNuts the Slicer (level 9, -7/66 HPs)
             Began as a Vampire Gladiator on Aug 19, 2022.
             Was an Initiate of Gozag.
             Mangled by a two-headed ogre
             ... wielding a +0 giant club
              (24 damage)
             ... on level 7 of the Dungeon.
             The game lasted 00:08:17 (5903 turns).

SensoryNuts the Slicer (Vampire Gladiator)          Turns: 5903, Time: 00:08:17

Health: -7/66      AC: 19    Str: 17    XL:     9   Next: 27%
Magic:  9/9        EV: 11    Int:  6    God:    Gozag
Gold:   793        SH:  0    Dex: 26    Spells: 8/8 levels left

rFire   . . .      SeeInvis +   o - +3 dagger (flame)
rCold   . . .      Faith    .   (no shield)
rNeg    + . .      Spirit   .   w - +8 chain mail "Rad Ehau" {rN+ Int-4 Dex+10}
rPois   .          Reflect  .   c - +0 helmet
rElec   .          Harm     .   (no cloak)
rCorr   .          Rampage  .   (no gloves)
Will    .....                   (no boots)
Stlth   +.........              (no amulet)
HPRegen 0.41/turn               (no ring)
MPRegen 0.11/turn               (no ring)

@: gold aura, healing quickly, hasted, very quick
A: alive, fangs 3, see invisible, vampiric 2
a: Exsanguinate, Renounce Religion, Potion Petition, Call Merchant, Bribe Branch


You were on level 7 of the Dungeon.
You worshipped Gozag.
Gozag was pleased with you.
You visited 1 branch of the dungeon, and saw 7 of its levels.

You collected 841 gold pieces.
You paid 48 gold pieces to Gozag.

Inventory:

Hand Weapons
 a - a +0 rapier
 o - a +3 dagger of flaming (weapon)
Missiles
 d - 3 throwing nets (quivered)
 e - a javelin
Armour
 b - a +0 leather armour
 c - a +0 helmet (worn)
 w - the +8 chain mail "Rad Ehau" (worn) {rN+ Int-4 Dex+10}
   (You found it on level 3 of the Dungeon)

   Int:       It affects your intelligence (-4).
   Dex:       It affects your dexterity (+10).
   rN:        It protects you from negative energy.
Jewellery
 g - an amulet of magic regeneration
 k - a ring of magical power
 q - a ring of ice
 z - an amulet of guardian spirit
Wands
 u - a wand of roots (15)
 A - a wand of mindburst (10)
Scrolls
 f - a scroll of enchant weapon
 h - 2 scrolls of fear
 i - 3 scrolls of immolation
 j - a scroll of poison
 n - a scroll of amnesia
 p - 7 scrolls of teleportation
 r - a scroll of torment {unknown}
 s - 2 scrolls of magic mapping
 t - 3 scrolls of vulnerability
 x - a scroll of brand weapon
 y - a scroll of identify
Potions
 B - a potion of magic


   Skills:
 + Level 4.5 Fighting
 + Level 8.4 Short Blades
 + Level 1.5 Throwing
 + Level 5.6 Armour
 + Level 6.5 Dodging
 + Level 5.0 Stealth


You had 8 spell levels left.
You didn't know any spells.
Your spell library contained the following spells:

 Spells                   Type           Power      Damage    Failure   Level
 Apportation              Tloc           0%         N/A       99%         1
 Beastly Appendage        Tmut           0%         N/A       99%         1
 Ensorcelled Hibernation  Hex/Ice        0%         N/A       100%        2
 Passwall                 Tmut/Erth      0%         N/A       100%        2
 Wereblood                Tmut           0%         N/A       100%        2
 Spider Form              Tmut/Pois      0%         N/A       100%        3
 Summon Guardian Golem    Hex/Summ       0%         N/A       100%        3
 Swiftness                Air            0%         N/A       100%        3
 Summon Lightning Spire   Summ/Air       0%         N/A       100%        4
 Alistair's Intoxication  Tmut/Pois      0%         N/A       100%        5
 Orb of Destruction       Conj           0%         9d5       100%        7
 Spellforged Servitor     Conj/Summ      0%         N/A       100%        7
 Storm Form               Tmut/Air       0%         N/A       100%        7
 Maxwell's Capacitive Co  Air            0%         ∞         100%        8


Dungeon Overview and Level Annotations

Branches:
Dungeon (7/15)             Temple (0/1) D:7

Altars:
Gozag
Kikubaaqudgha
Okawaru
Sif Muna
Vehumet

Shops:
D:6 :   D:7 (


Innate Abilities, Weirdness & Mutations

Your natural rate of healing is accelerated.
You have razor-sharp teeth.
You have supernaturally acute eyesight. (SInv)
You are afflicted with vampirism and can become a bat while bloodless.


Message History

The two-headed ogre hits you but does no damage.
The two-headed ogre closely misses you.
You feel yourself speed up.
You hit the two-headed ogre. You burn the two-headed ogre.
Your bite misses the two-headed ogre.
The two-headed ogre is moderately wounded.
You hit the two-headed ogre. You burn the two-headed ogre.
You bite the two-headed ogre, but do no damage.
The two-headed ogre is heavily wounded.
The two-headed ogre misses you. x2
You hit the two-headed ogre. You burn the two-headed ogre.
The two-headed ogre is heavily wounded.
You hit the two-headed ogre. You burn the two-headed ogre.
The two-headed ogre is severely wounded.
You hit the two-headed ogre. You burn the two-headed ogre.
The two-headed ogre is severely wounded.
The two-headed ogre hits you with a +0 giant club!
The two-headed ogre barely misses you.
You hit the two-headed ogre but do no damage.
You bite the two-headed ogre.
The two-headed ogre is severely wounded.
You hit the two-headed ogre. You burn the two-headed ogre.
The two-headed ogre is severely wounded.
You barely miss the two-headed ogre.
The two-headed ogre is severely wounded.
The two-headed ogre hits you with a +0 giant club!
The two-headed ogre hits you with a +0 giant club!!
* * * LOW HITPOINT WARNING * * *
Your magic is already full.
You feel better.
You barely miss the two-headed ogre.
The two-headed ogre is severely wounded.
You barely miss the two-headed ogre.
The two-headed ogre is severely wounded.
You hit the two-headed ogre. You burn the two-headed ogre.
You bite the two-headed ogre.
The two-headed ogre is almost dead.
The two-headed ogre hits you with a +0 giant club!!
You die...
Your body crumbles into a pile of gold.

##....... ##
#........ #.# #.
#........ ##..
#.##........ ##...
..#........ #....
#.#........ ##....
#.#$O...... #.....
#..@..# ##.....
##.#### #......
#.## #.....# ##.#
###...# #.#
##########...#
#.###....##.....##
##...........#####
#.........### #
#.......### #


You could see a two-headed ogre.

Vanquished Creatures
  A hornet (D:4)
  The ghost of Draconaut the Insei, an amateur DjTm (D:4)
  A water moccasin (D:7)
  An ice beast (D:6)
  2 sky beasts (D:7)
  2 ogres
  4 bullfrogs
  A necrophage (D:4)
  2 scorpions (D:5)
  A gnoll sergeant (D:7)
  9 killer bees
  4 hounds (D:5)
  2 orc priests
  3 jellies
  A gnoll bouda (D:5)
  4 iguanas
  An orc wizard (D:6)
  7 gnolls
  4 adders
  A worm zombie (D:6)
  2 worms (D:2)
  3 dart slugs
  21 orcs
  7 bats
  8 endoplasms
  A giant cockroach (D:2)
  5 goblins
  11 hobgoblins
  4 jackals (D:4)
  8 quokkas
  9 ball pythons
  3 frilled lizards
  11 kobolds
  8 rats
153 creatures vanquished.

Vanquished Creatures (others)
  A human (D:7)
  4 plants (D:2)
5 creatures vanquished.

Grand Total: 158 creatures vanquished

Notes
Turn   | Place    | Note
-------+----------+-------------------------------------------
     0 | D:1      | SensoryNuts the Vampire Gladiator began the quest for the
                  | Orb.
     0 | D:1      | Reached XP level 1. HP: 16/16 MP: 1/1
   179 | D:1      | Found a faded altar of an unknown god.
   264 | D:1      | Reached XP level 2. HP: 22/22 MP: 2/2
   790 | D:2      | Gained mutation: You are afflicted with vampirism and can
                  | become a bat while bloodless. [Vampire growth]
   790 | D:2      | Reached XP level 3. HP: 3/27 MP: 3/3
  1404 | D:2      | Identified the +2 leather armour of Altruism {rF+ Stlth+}
  1576 | D:2      | Reached skill level 1 in Armour
  1577 | D:2      | Reached skill level 4 in Short Blades
  1636 | D:2      | Reached XP level 4. HP: 23/33 MP: 4/4
  2031 | D:3      | Found a radiant altar of Vehumet.
  2080 | D:3      | Identified the +8 chain mail "Rad Ehau" {rN+ Int-4 Dex+10}
  2339 | D:3      | Reached XP level 5. HP: 29/39 MP: 5/5
  2489 | D:3      | Found an opulent altar of Gozag.
  2565 | D:3      | Became a worshipper of Gozag Ym Sagoz the Greedy
  2988 | D:4      | Reached skill level 1 in Stealth
  3138 | D:4      | Found a runed translucent door.
  3140 | D:4      | Noticed Draconaut's ghost (amateur DjTm)
  3184 | D:4      | Reached XP level 6. HP: 46/46 MP: 6/6
  3426 | D:4      | Reached skill level 5 in Short Blades
  3508 | D:4      | Noticed a hornet
  3517 | D:4      | Paralysed by a hornet for 3 turns
  3527 | D:4      | Killed a hornet
  3530 | D:4      | Killed Draconaut's ghost
  3531 | D:4      | Reached skill level 5 in Dodging
  3531 | D:4      | Reached XP level 7. HP: 52/52 MP: 7/7
  3579 | D:5      | Entered Level 5 of the Dungeon
  3640 | D:5      | Reached skill level 6 in Short Blades
  3715 | D:5      | Found an iron altar of Okawaru.
  3914 | D:5      | You fall into a shaft and drop 2 floors!
  3938 | D:7      | Reached XP level 8. HP: 60/60 MP: 8/8
  4025 | D:7      | Found Syejap's Antique Weapon Emporium.
  4222 | D:5      | Reached skill level 7 in Short Blades
  4610 | D:5      | Found a shimmering blue altar of Sif Muna.
  4902 | D:6      | Found Yridwui's Book Boutique.
  5419 | D:7      | Reached skill level 5 in Armour
  5443 | D:7      | Reached XP level 9. HP: 36/66 MP: 9/9
  5557 | D:7      | Reached skill level 8 in Short Blades
  5828 | D:7      | Found a staircase to the Ecumenical Temple.
  5829 | D:7      | Found an ancient bone altar of Kikubaaqudgha.
  5876 | D:7      | Noticed a two-headed ogre
  5887 | D:7      | Reached skill level 5 in Stealth
  5903 | D:7      | Mangled by a two-headed ogre

Illustrated notes

Levels and vault maps discovered:
D:1:      lemuel_arrival_broad_hall, layout_basic,
          chequers_ecumenical_altar_grove
D:2:      minmay_chambers_of_twos, layout_basic, serial_forest,
          infiniplex_forest_end_double, infiniplex_forest_straight_1,
          infiniplex_forest_clump_diagonal, infiniplex_forest_clump_medium,
          infiniplex_forest_lined_corner, infiniplex_forest_lined_room_2,
          minmay_ruptured
D:3:      minmay_diamond_boxcup, layout_loops_ring,
          mainiacjoe_overflow_catch_the_wave
D:4:      layout_cave_pools, overflow_temple_1_default,
          ebering_ghost_inner_flame
D:5:      layout_basic, led_sif_book, okawaru_metal_pillars_1_2,
          kennysheep_crisscross
D:6:      layout_gridville, serial_shops,
          nicolae_shop_competitors_out_of_business, enter_ossuary_3
D:7:      cheibrodos_barr_body, layout_cave_pods, tgw_kikubaaqudgha,
          minmay_temple_entry_statues, serial_shops, shop

Skill      XL: |  1  2  3  4  5  6  7  8  9 |
---------------+----------------------------+-----
Fighting       | 2 3 4 |  4.5
Dodging        | 4 5 6 |  6.5
Armour         | 1 2 3 5 |  5.6
Short Blades   | 4 5 6 7 8 |  8.4
Stealth        | 1 2 3 4 5 |  5.0
Throwing       | |  1.5

Action                   |  1- 3 |  4- 6 |  7- 9 || total
-------------------------+-------+-------+-------++-------
Melee: Rapier            |    51 |       |       ||    51
       Dagger            |    89 |   138 |   289 ||   516
       Bite              |     9 |    17 |    49 ||    75
       Punch             |     1 |     2 |     5 ||     8
  Use: Scroll            |       |    11 |     1 ||    12
       Potion            |       |     6 |     8 ||    14
 Stab: Sleeping          |       |     2 |       ||     2
       Distracted        |       |     1 |     3 ||     4
Armor: Leather armour    |    24 |    25 |       ||    49
       Chain mail        |       |    25 |   177 ||   202
       Skin              |       |       |     7 ||     7
Dodge: Dodged            |    87 |    77 |   167 ||   331

Table legend: (Time is in decaauts)
 A = Elapsed time spent in this place.
 B = Non-inter-level travel time spent in this place.
 C = Inter-level travel time spent in this place.
 D = Time resting spent in this place.
 E = Time spent auto-exploring this place.
 F = Levels seen in this place.
 G = Mean time per level.
                   A        B        C        D        E       F      G
               +--------+--------+--------+--------+--------+-----+--------+
         Total |   5720 |   5282 |    438 |      0 |   4114 |   7 |  817.1 |
       Dungeon |   5720 |   5282 |    438 |      0 |   4114 |   7 |  817.1 |
               +--------+--------+--------+--------+--------+-----+--------+

Top non-repeatable levels by time:
     D:3: 1182 daAuts
     D:2: 1066 daAuts
     D:5: 941 daAuts
     D:6: 738 daAuts
     D:1: 690 daAuts
     D:4: 592 daAuts
     D:7: 508 daAuts
